 Dungeon Crawl Stone Soup version 0.22-a0-274-gf8199ec (webtiles) character file.

3453 neds the Grappler (level 9, -7/76 HPs)
             Began as a Troll Hunter on Mar 14, 2018.
             Was a Priest of the Shining One.
             Mangled by a two-headed ogre
             ... wielding a +0 dire flail
              (21 damage)
             ... on level 8 of the Dungeon.
             The game lasted 00:27:01 (5787 turns).

neds the Grappler (Troll Hunter)                    Turns: 5787, Time: 00:27:04

Health: -7/76      AC:  5    Str: 22    XL:     9   Next: 78%
Magic:  3/8        EV: 10    Int:  7    God:    the Shining One [***...]
Gold:   459        SH:  0    Dex: 13    Spells: 8/8 levels left

rFire    . . .     SeeInvis .   H - +0 giant spiked club
rCold    + + .     Gourm    +   (shield currently unavailable)
rNeg     + . .     Faith    .   b - +0 robe
rPois    .         Spirit   .   (helmet restricted)
rElec    .         Reflect  .   u - scarf {rC+ rF+}
rCorr    .         Harm     .   (gloves unavailable)
MR       .....                  (boots unavailable)
Stlth    +.........             (no amulet)
HPRegen  0.62/turn              m - ring of ice
MPRegen  0.11/turn              s - ring of stealth

@: glowing
A: large, unfitting armour, claws 3, fast metabolism 3, gourmand, regeneration
1, shaggy fur 1, tough skin 2
a: Divine Shield, Renounce Religion


You were on level 8 of the Dungeon.
You worshipped the Shining One.
The Shining One was most pleased with you.
You were very full.

You visited 2 branches of the dungeon, and saw 9 of its levels.
You also visited: Sewer.

You collected 459 gold pieces.

Inventory:

Hand Weapons
 a - a +0 short sword
 F - a +0 mace
 G - a +0 whip
 H - a +0 giant spiked club (weapon)
Missiles
 c - a large rock (quivered)
 d - 4 throwing nets
Armour
 b - a +0 robe (worn)
 u - a scarf of resistance (worn)
Jewellery
 m - a ring of ice (left claw)
 q - an uncursed amulet of the gourmand
 s - a ring of stealth (right claw)
Wands
 h - a wand of flame (16)
 x - a wand of acid (3)
 J - a wand of enslavement (27)
Scrolls
 e - 4 scrolls of enchant armour
 i - 3 scrolls of remove curse
 k - 4 scrolls of magic mapping
 n - 3 scrolls of random uselessness
 w - 4 scrolls of identify
 y - a scroll of fear {unknown}
 z - 4 scrolls of teleportation {unknown}
 A - a scroll of holy word {unknown}
 B - a scroll of blinking
 C - a scroll of noise {unknown}
 D - a scroll of enchant weapon {unknown}
Potions
 g - a potion of flight {unknown}
 j - 2 potions of mutation {unknown}
 l - 3 potions of curing {unknown}
 o - 2 potions of resistance {unknown}
 p - a potion of cancellation {unknown}
 r - 2 potions of brilliance {unknown}
 t - 2 potions of might {unknown}
 v - 2 potions of magic {unknown}
 E - a potion of berserk rage {unknown}
 I - a potion of heal wounds {unknown}
 K - a potion of agility {unknown}
Comestibles
 f - 19 rations


   Skills:
 - Level 1.5 Fighting
 - Level 5.2 Throwing
 - Level 1.5 Dodging
 - Level 0.3 Stealth
 + Level 12.9 Unarmed Combat


You had 8 spell levels left.
You didn't know any spells.

Dungeon Overview and Level Annotations

Branches:
Dungeon (8/15)             Temple (1/1) D:4
   Lair: D:8-11

Altars:
Ashenzari
Dithmenos
Kikubaaqudgha
Okawaru
Qazlal
Sif Muna
Uskayaw
Vehumet
Wu Jian
Yredelemnul
Zin
The Shining One

Shops:
D:6 **


Innate Abilities, Weirdness & Mutations

You are too large for most types of armour.
You have claws for hands.
Your metabolism is lightning-fast.
You like to eat raw meat.
Your natural rate of healing is unusually fast.
You are covered in fur. (AC +1)
You have very tough skin. (AC +2)


Message History

The large rock barely misses the two-headed ogre.
Throwing (i - inventory. (/) - cycle)
c - 3 large rocks (quivered)
Press: ? - help, Shift-Dir - straight line, f/p - two-headed ogre
Aim: a two-headed ogre, wielding a dire flail and a giant spiked club You throw a large rock.
The large rock hits the two-headed ogre!!
The two-headed ogre is heavily wounded.
Throwing (i - inventory. (/) - cycle)
c - 2 large rocks (quivered)
Press: ? - help, Shift-Dir - straight line, f/p - two-headed ogre
Aim: a two-headed ogre, wielding a dire flail and a giant spiked club (heavily wounded, haloed)
You throw a large rock.
The large rock barely misses the two-headed ogre.
You hit the two-headed ogre.
The two-headed ogre is heavily wounded.
The two-headed ogre hits you with a dire flail!!
The two-headed ogre hits you with a giant spiked club!!
The two-headed ogre hits you with a dire flail!!
* * * LOW HITPOINT WARNING * * *
The two-headed ogre hits you with a giant spiked club!!
You die...

#.. ##
..#..#
##..#..
#..#.#
#....#
##....#
##..#..#
#....###
#..@##
##..O#
#....#
##...#
#(.(#
###...#
##.....#
#<...((#
##.........


You could see a two-headed ogre.

Vanquished Creatures
  A two-headed ogre (D:8)
  Grinder (D:6)
  A black bear (D:7)
  Purgy (Sewer)
  A phantom (D:5)
  An eye of draining (D:8)
  2 orc warriors (D:7)
  3 ogres
  2 centaurs
  A big kobold (D:7)
  A bullfrog (D:5)
  A gnoll sergeant (D:5)
  3 wights (D:7)
  3 crimson imps
  A bullfrog zombie (D:5)
  5 human zombies (D:7)
  2 hounds (D:7)
  4 orc priests
  2 centaur skeletons (D:4)
  A jelly (D:7)
  5 orc wizards
  A bullfrog skeleton (D:7)
  A human skeleton (D:7)
  An iguana (D:7)
  8 worker ants
  A hound skeleton (D:7)
  2 mummies (D:7)
  4 gnolls (D:5)
  9 adders
  3 shadow imps
  An ooze (D:4)
  An adder zombie (D:5)
  An adder skeleton (D:4)
  5 worms
  6 dart slugs
  8 leopard geckos
  29 orcs
  7 bats
  6 giant cockroaches
  8 goblins
  4 hobgoblins (D:1)
  10 jackals
  11 kobolds
  5 quokkas
  5 ball pythons
  7 frilled lizards
  A leopard gecko zombie (D:5)
  An orc zombie (D:7)
  A quokka skeleton (D:7)
  9 rats
  2 plants (D:7)
200 creatures vanquished.

Vanquished Creatures (others)
  3 plants (D:7)
3 creatures vanquished.

Grand Total: 203 creatures vanquished

Notes
Turn   | Place    | Note
-------+----------+-------------------------------------------
     0 | D:1      | neds the Troll Hunter began the quest for the Orb.
     0 | D:1      | Reached XP level 1. HP: 19/19 MP: 0/0
    64 | D:1      | Reached XP level 2. HP: 27/27 MP: 1/1
   246 | D:1      | Reached XP level 3. HP: 32/33 MP: 2/2
   701 | D:2      | Found a shadowy altar of Dithmenos.
   759 | D:2      | Reached skill level 5 in Throwing
   998 | D:2      | Reached XP level 4. HP: 41/41 MP: 3/3
  1043 | D:2      | Found an ornate altar of the Wu Jian Council.
  1354 | D:3      | Reached skill level 1 in Unarmed Combat
  1565 | D:3      | Reached skill level 2 in Unarmed Combat
  1772 | D:3      | Reached XP level 5. HP: 42/48 MP: 4/4
  2228 | D:4      | Reached skill level 3 in Unarmed Combat
  2390 | D:4      | Reached skill level 4 in Unarmed Combat
  2401 | D:4      | Reached XP level 6. HP: 55/55 MP: 5/5
  2589 | D:4      | Reached skill level 5 in Unarmed Combat
  2836 | D:4      | Found a staircase to the Ecumenical Temple.
  2849 | Temple   | Entered the Ecumenical Temple
  2878 | Temple   | Became a worshipper of the Shining One
  3160 | D:5      | Entered Level 5 of the Dungeon
  3240 | D:5      | Reached skill level 6 in Unarmed Combat
  3240 | D:5      | Reached XP level 7. HP: 54/62 MP: 6/6
  3383 | D:5      | Reached skill level 7 in Unarmed Combat
  3520 | D:5      | Reached * piety under the Shining One
  3565 | D:5      | Found a glowing drain.
  3588 | D:5      | Reached skill level 8 in Unarmed Combat
  3588 | D:5      | Reached XP level 8. HP: 51/70 MP: 7/7
  3601 | Sewer    | Entered a sewer
  3670 | Sewer    | Noticed Purgy
  3680 | Sewer    | Killed Purgy
  4104 | D:5      | Found a basalt altar of Yredelemnul.
  4134 | D:6      | Found Zin's Purification Station.
  4134 | D:6      | Found a glowing silver altar of Zin.
  4208 | D:6      | Reached skill level 9 in Unarmed Combat
  4293 | D:6      | Found Nuweivve's Assorted Antiques.
  4350 | D:6      | Noticed Grinder
  4465 | D:6      | Paralysed by Grinder for 7 turns
  4500 | D:6      | Killed Grinder
  4707 | D:7      | Reached skill level 10 in Unarmed Combat
  4942 | D:7      | Reached ** piety under the Shining One
  4971 | D:7      | Found a hide-covered altar of Uskayaw.
  4988 | D:7      | Reached XP level 9. HP: 56/76 MP: 8/8
  5009 | D:7      | Reached skill level 11 in Unarmed Combat
  5606 | D:7      | Found an ancient bone altar of Kikubaaqudgha.
  5629 | D:7      | Reached *** piety under the Shining One
  5633 | D:7      | Reached skill level 12 in Unarmed Combat
  5757 | D:8      | Noticed a two-headed ogre
  5763 | D:8      | Killed a two-headed ogre
  5783 | D:8      | Noticed a two-headed ogre
  5787 | D:8      | Mangled by a two-headed ogre

Vault maps used:
D:1:      arrival_zaba_pyramid
D:2:      nicolae_overflow_crystal_walls, grunt_dithmenos_smoke
D:3:      first_ration
D:4:      nicolae_overflow_hidden_temple, minmay_temple_entry_hall
D:5:      kennysheep_mini, portal_sewer_entry_f
D:6:      zin_purify, serial_shops, nicolae_shop_crystal, uniq_grinder
D:7:      lemuel_mausoleum_altar_kikubaaqudgha, eat_drink_and_be_merry_uskayaw,
          serial_bayou_pond_c
D:8:      overflow_temple_1_default, uniq_grum
Temple:   oiseaux_autumnal_temple
Sewer:    sewer_co_purgy_island

Skill      XL: |  1  2  3  4  5  6  7  8  9 |
---------------+----------------------------+-----
Throwing       | 4 5 |  5.2
Unarmed Combat | 2 4 6 8 10 12 | 12.9
Fighting       | |  1.5
Dodging        | |  1.5
Stealth        | |  0.3

Action                   |  1- 3 |  4- 6 |  7- 9 || total
-------------------------+-------+-------+-------++-------
Melee: Unarmed           |    95 |   157 |   281 ||   533
       Punch             |       |     4 |    10 ||    14
       Giant spiked club |       |       |     5 ||     5
Throw: Large rock        |     4 |     5 |    20 ||    29
  Use: Scroll            |     4 |     2 |     2 ||     8
 Stab: Sleeping          |     1 |     1 |       ||     2
       Distracted        |       |     1 |       ||     1
  Eat: Chunk             |    15 |    18 |    24 ||    57
Armor: Robe              |    36 |    43 |    65 ||   144
Dodge: Dodged            |    57 |    68 |    91 ||   216

Table legend:
 A = Spawn XP
 B = Non-spawn XP
 C = Spawn XP percentage of total XP
 D = Spawn monster count
 E = Non-spawn monster count
 F = Spawn count percentage of total count
 G = Total turns spent on level
                    A         B        C        D         E        F      G
               +---------+---------+-------+---------+---------+-------+---------
         Total |       0 |    4933 |   0.0 |       0 |     198 |   0.0 |  5787
               +---------+---------+-------+---------+---------+-------+---------
           D:1 |       0 |      67 |   0.0 |       0 |      32 |   0.0 |   701
           D:2 |       0 |      43 |   0.0 |       0 |      14 |   0.0 |   463
           D:3 |       0 |     110 |   0.0 |       0 |      24 |   0.0 |  1110
           D:4 |       0 |     366 |   0.0 |       0 |      18 |   0.0 |   827
           D:5 |       0 |    1004 |   0.0 |       0 |      39 |   0.0 |   983
           D:6 |       0 |     378 |   0.0 |       0 |       3 |   0.0 |   437
           D:7 |       0 |    1802 |   0.0 |       0 |      60 |   0.0 |  1055
           D:8 |       0 |    1019 |   0.0 |       0 |       2 |   0.0 |    39
         Sewer |       0 |     144 |   0.0 |       0 |       6 |   0.0 |   113
               +---------+---------+-------+---------+---------+-------+---------
